 Dungeon Crawl Stone Soup version 0.28.0-53-g5a82cb258f (webtiles) character file.

Game seed: 11899403093825539414

137 Descartes the Grasshopper (level 5, -16/38 HPs)
             Began as a Formicid Warper on June 27, 2022.
             Demolished by an ogre
             ... wielding a +0 giant spiked club
              (29 damage)
             ... on level 4 of the Dungeon.
             The game lasted 00:05:21 (4069 turns).

Descartes the Grasshopper (Formicid Warper)         Turns: 4069, Time: 00:05:22

Health: -16/38     AC: 11    Str: 18    XL:     5   Next: 44%
Magic:  8/8        EV:  4    Int: 12    God:
Gold:   171        SH:  7    Dex: 10    Spells: 8/8 levels left

rFire   . . .      SeeInvis +   a - +0 hand axe
rCold   . . .      Faith    .   q - +0 kite shield
rNeg    . . .      Spirit   .   p - +0 plate armour
rPois   .          Reflect  .   (helmet unavailable)
rElec   .          Harm     .   (no cloak)
rCorr   .          Rampage  .   (no gloves)
Will    .....                   (no boots)
Stlth   ..........              (no amulet)
HPRegen 0.12/turn               m - ring of wizardry
MPRegen 0.11/turn               (no ring)

@: lethally poisoned (-16 -> -17)
A: permanent stasis, dig shafts and tunnels, antennae 3, four strong arms
a: Dig, Shaft Self


You were on level 4 of the Dungeon.
You visited 1 branch of the dungeon, and saw 4 of its levels.

You collected 171 gold pieces.

Inventory:

Hand Weapons
 a - a +0 hand axe (weapon)
Missiles
 c - 5 boomerangs of dispersal (quivered)
 e - 27 arrows
 i - 61 stones
 j - 30 sling bullets
Armour
 p - a +0 plate armour (worn)
 q - a +0 kite shield (worn)
Jewellery
 m - a ring of wizardry (left hand)
Scrolls
 d - 3 scrolls of teleportation {unknown}
 h - 3 scrolls of identify {unknown}
 o - a scroll of holy word {unknown}
Potions
 n - a potion of curing


   Skills:
 - Level 2.1 Fighting
 + Level 3.0 Axes
 + Level 2.4 Throwing
 + Level 2.6 Armour
 - Level 1.7 Dodging
 + Level 1.2 Shields
 - Level 2.1 Spellcasting
 + Level 3.3 Translocations


You had 8 spell levels left.
You didn't know any spells.
Your spell library contained the following spells:

 Spells                   Type           Power      Damage    Failure   Level
 Gell's Gravitas          Tloc           9%         N/A       100%        3
 Lesser Beckoning         Tloc           9%         N/A       100%        3
 Teleport Other           Tloc           9%         N/A       100%        3
 Manifold Assault         Tloc           9%         N/A       100%        5
 Blink                    Tloc           Unusable   N/A       N/A         2

Dungeon Overview and Level Annotations

Branches:
Dungeon (3/15)

Altars:


Innate Abilities, Weirdness & Mutations

You cannot be hasted, slowed, berserked, paralysed or teleported.
You can dig through walls and to a lower floor.
You have a pair of large antennae on your head. (SInv)
Your four strong arms can wield two-handed weapons with a shield.


Message History

The adder is severely wounded.
The adder bites you but does no damage. x2
You miss the adder.
The adder is severely wounded.
You block the adder's attack. The adder bites you but does no damage.
The ogre hits you with a +0 giant spiked club!
* * * LOW HITPOINT WARNING * * *
You feel much better. The adder bites you.
You are poisoned.
The adder poisons you! The adder bites you but does no damage.
You hit the adder.
The adder is almost dead.
You hit the ogre.
You feel sick. You block the ogre's attack. You block the adder's attack.
You miss the adder.
The adder is almost dead.
You hit the ogre.
You feel sick. The adder bites you.
You are more poisoned.
The adder poisons you! You block the ogre's attack.
The adder bites you but does no damage.
You barely miss the adder.
The adder is almost dead.
You barely miss the ogre.
You feel sick.
The ogre hits you with a +0 giant spiked club!
* * * LOW HITPOINT WARNING * * *
The adder bites you but does no damage. x2
Unknown command.
* * * LOW HITPOINT WARNING * * *
You feel sick.
The adder skeleton completely misses you.
* * * LOW HITPOINT WARNING * * *
You feel sick.
You feel much better.
You feel sick.
The ogre hits you with a +0 giant spiked club.
You slash the ogre!
The ogre is heavily wounded.
You feel sick.
The ogre hits you with a +0 giant spiked club!!
Ouch! That really hurt!
You die...

....## #.. ...#
.....##########.... ....#####
................... .........
..........#......####......#
..........#................#
..........#............!...#
..........#......Zw$.......#
###.......#.....SO..(......##
..#.............@####........
..#..............####........
..#).............#........#..
..#####............w......#{
..# #...........Z.......#
..#####....#..............#
...........#......#.....###
...........)......+.....'.
..........##......#.....#[.


You could see an ogre, an adder, a dart slug and an adder skeleton.

Vanquished Creatures
  Natasha (twice) (D:4)
  A gnoll (D:2)
  2 adders (D:2)
  2 worms
  2 dart slugs
  An orc (D:3)
  2 bats
  5 endoplasms
  4 giant cockroaches
  5 goblins
  3 hobgoblins
  3 jackals (D:1)
  4 quokkas
  8 ball pythons
  A frilled lizard (D:2)
  A kobold (D:2)
  6 rats
52 creatures vanquished.

Notes
Turn   | Place    | Note
-------+----------+-------------------------------------------
     0 | D:1      | Descartes the Formicid Warper began the quest for the Orb.
     0 | D:1      | Reached XP level 1. HP: 16/16 MP: 3/3
   402 | D:1      | Reached XP level 2. HP: 10/22 MP: 5/5
  1061 | D:1      | Reached XP level 3. HP: 20/27 MP: 6/6
  1688 | D:2      | Found a faded altar of an unknown god.
  2011 | D:2      | Reached XP level 4. HP: 4/33 MP: 7/7
  3024 | D:3      | HP: 1/33 [gnoll/+0 spear (7)]
  3521 | D:3      | You fall into a shaft and drop 1 floor!
  3567 | D:4      | Noticed Natasha
  3597 | D:4      | Killed Natasha
  3598 | D:4      | Reached XP level 5. HP: 12/38 MP: 8/8
  3680 | D:4      | Noticed Natasha
  3694 | D:4      | Killed Natasha
  3695 | D:4      | Reached skill level 1 in Shields
  3998 | D:4      | Noticed an ogre
  4069 | D:4      | Demolished by an ogre

Illustrated notes

Levels and vault maps discovered:
D:1:      dpeg_chamrin_arrival_tetris, layout_basic, serial_forest,
          infiniplex_forest_straight_4, infiniplex_forest_clump_curved,
          infiniplex_forest_fountain, infiniplex_forest_lined_corner,
          infiniplex_forest_corner_1, infiniplex_forest_diagonal,
          infiniplex_forest_corner_2
D:2:      layout_basic, chequers_ecumenical_altar_simple_redux,
          minmay_tree_intersection
D:3:      layout_basic, okawaru_ov_weapons_minmay, minmay_misc_feat_pillars
D:4:      layout_basic, minmay_cut_off, uniq_ijyb, uniq_natasha

Skill      XL: |  1  2  3  4  5 |
---------------+----------------+-----
Translocations | 3 |  3.3
Armour         | 2 |  2.6
Throwing       | 2 |  2.4
Axes           | 3 |  3.0
Shields        | 1 |  1.2
Fighting       | |  2.1
Dodging        | |  1.7
Spellcasting   | |  2.1

Action                   |  1- 3 |  4- 6 || total
-------------------------+-------+-------++-------
Melee: Hand axe          |   119 |   110 ||   229
       Punch             |     2 |       ||     2
  Use: Potion            |       |     7 ||     7
Armor: Leather armour    |    13 |       ||    13
       Ring mail         |    24 |     4 ||    28
       Plate armour      |       |    91 ||    91
Dodge: Dodged            |    75 |    26 ||   101
Block: Kite shield       |       |    47 ||    47
